 Dungeon Crawl Stone Soup version 0.26.0-18-gc5c842f807 (webtiles) character file.

Game seed: 487389647036114780

165302 xSliceyx the Devastator (level 17, -7/96 HPs)
             Began as a Deep Elf Conjurer on Jan 19, 2021.
             Was a High Priest of Vehumet.
             Shot with an arrow by a deep elf master archer (37 damage)
             ... on level 3 of the Elven Halls on Jan 22, 2021.
             The game lasted 05:35:42 (37519 turns).

xSliceyx the Devastator (Deep Elf Conjurer)        Turns: 37519, Time: 05:35:43

Health: -7/96      AC: 17    Str:  4    XL:     17   Next: 27%
Magic:  16/41      EV: 12    Int: 43    God:    Vehumet [*****.]
Gold:   1100       SH:  5    Dex: 11    Spells: 9/53 levels left

rFire    + . .     SeeInvis +   V - +3 longbow "Egg" {venom, rF+ Will+ Int+3}
rCold    + . .     Faith    .   (shield currently unavailable)
rNeg     . . .     Spirit   .   P - +3 ring mail of Beogh's Pride {rC+ Int+5 Dex-2}
rPois    .         Reflect  +   w - +1 helmet of Resonance {rCorr Int+4}
rElec    .         Harm     .   q - +0 cloak
rCorr    +         Rampage  .   u - +0 pair of gloves
Will     ++...                  v - +1 pair of boots
Stlth    ++........             o - amulet of reflection
HPRegen  0.26/turn              n - ring of stealth
MPRegen  0.27/turn              D - ring of see invisible

@: no status effects
A: no striking features
a: Renounce Religion


You were on level 3 of the Elven Halls.
You worshipped Vehumet.
Vehumet was extremely pleased with you.
You visited 5 branches of the dungeon, and saw 26 of its levels.

You collected 3182 gold pieces.
You spent 2082 gold pieces at shops.

Inventory:

Hand Weapons
 V - the +3 longbow "Egg" (weapon) {venom, rF+ Will+ Int+3}
   (You took it off a centaur warrior on level 13 of the Dungeon)

   It poisons the ammo it fires.
   It affects your intelligence (+3).
   It protects you from fire.
   It affects your willpower, your defense against some magical effects.
Missiles
 p - 14 atropa-tipped darts
 W - 600 arrows (quivered ammo)
Armour
 q - a +0 cloak (worn)
 u - a +0 pair of gloves (worn)
 v - a +1 pair of boots (worn)
 w - the +1 helmet of Resonance (worn) {rCorr Int+4}
   (You found it on level 5 of the Dungeon)

   It affects your intelligence (+4).
   It provides partial protection from all sources of acid and corrosion.
 E - a +2 robe of cold resistance
 P - the +3 ring mail of Beogh's Pride (worn) {rC+ Int+5 Dex-2}
   (You found it on level 11 of the Dungeon)

   It affects your intelligence (+5).
   It affects your dexterity (-2).
   It protects you from cold.
Jewellery
 n - a ring of stealth (left hand)
 o - an amulet of reflection (around neck)
 D - a ring of see invisible (right hand)
Wands
 r - a wand of paralysis (12)
 x - a wand of iceblast (25)
 y - a wand of digging (11)
 A - a wand of flame (67)
 J - a wand of acid (27)
 T - a wand of disintegration (17)
Scrolls
 b - 6 scrolls of immolation
 c - 9 scrolls of fear
 e - 10 scrolls of remove curse
 h - a scroll of enchant armour
 k - 11 scrolls of teleportation
 m - a scroll of brand weapon
 s - 3 scrolls of magic mapping
 t - 3 scrolls of identify
 C - 2 scrolls of enchant weapon
 F - 3 scrolls of fog
 H - 7 scrolls of blinking
 I - 2 scrolls of holy word
 U - a scroll of acquirement
Potions
 a - 3 potions of invisibility
 d - 8 potions of curing
 f - 4 potions of magic
 i - 7 potions of brilliance
 j - 2 potions of resistance
 l - 5 potions of degeneration {unknown}
 z - 5 potions of lignification
 B - 4 potions of attraction
 M - 5 potions of heal wounds
 N - 3 potions of mutation {unknown}
 Q - a potion of cancellation {unknown}
 R - a potion of ambrosia {unknown}
 Y - 3 potions of flight {unknown}
 Z - 4 potions of haste
Miscellaneous
 g - a phantom mirror
 X - a box of beasts


   Skills:
 + Level 7.6 Fighting
 - Level 9.0 Armour
 - Level 12.0 Dodging
 - Level 2.4 Stealth
 + Level 18.5 Spellcasting
 * Level 20.3 Conjurations
 - Level 14.0 Hexes
 - Level 2.0 Translocations


You had 9 spell levels left.
You knew the following spells:

 Your Spells              Type           Power        Failure   Level
a - Magic Dart            Conj           100%         0%          1
b - Searing Ray           Conj           100%         0%          2
c - Dazzling Flash        Conj/Hex       100%         0%          3
d - Fulminant Prism       Conj/Hex       56%          0%          4
e - Iskenderun's Mystic   Conj/Tloc      94%          1%          4
f - Slow                  Hex            100%         0%          2
g - Cause Fear            Hex            51%          1%          4
h - Tukima's Dance        Hex            100%         1%          3
i - Starburst             Conj/Fire      45%          1%          6
j - Inner Flame           Hex/Fire       79%          1%          3
k - Freezing Cloud        Conj/Ice/Air   39%          7%          6
l - Conjure Ball Lightni  Conj/Air       45%          1%          6

Your spell library contained the following spells:

 Spells                   Type           Power        Failure   Level
 Eringya's Noxious Bog    Tmut/Pois      19%          65%         6
 Corona                   Hex            100%         0%          1
 Apportation              Tloc           100%         1%          1
 Sandblast                Erth           78%          1%          1
 Portal Projectile        Hex/Tloc       100%         1%          3
 Stone Arrow              Conj/Erth      100%         1%          3
 Summon Guardian Golem    Hex/Summ       79%          1%          3
 Leda's Liquefaction      Hex/Erth       39%          1%          4
 Bolt of Magma            Conj/Fire/Erth 39%          1%          5
 Lightning Bolt           Conj/Air       45%          1%          5
 Invisibility             Hex            100%         1%          6
 Iron Shot                Conj/Erth      45%          1%          6
 Summon Small Mammal      Summ           100%         2%          1
 Call Imp                 Summ           39%          3%          2
 Passwall                 Tmut/Erth      32%          3%          2
 Lesser Beckoning         Tloc           27%          3%          3
 Metabolic Englaciation   Hex/Ice        39%          4%          5
 Silence                  Hex/Air        39%          4%          5
 Call Canine Familiar     Summ           39%          8%          3
 Lee's Rapid Deconstruct  Erth           19%          17%         5
 Petrify                  Tmut/Erth      39%          26%         4
 Summon Ice Beast         Ice/Summ       39%          26%         4
 Summon Lightning Spire   Summ/Air       39%          26%         4
 Alistair's Intoxication  Tmut/Pois      26%          56%         5
 Blade Hands              Tmut           19%          56%         5
 Borgnjor's Vile Clutch   Necr/Erth      19%          56%         5
 Excruciating Wounds      Necr           19%          56%         5
 Statue Form              Tmut/Erth      26%          98%         6
 Shatter                  Erth           19%          100%        9
 Tornado                  Air            19%          100%        9


Dungeon Overview and Level Annotations

Branches:
Dungeon (14/15)            Temple (1/1) D:4            Lair (6/6) D:10
 Shoals (0/4) Lair:2        Snake (0/4) Lair:3        Slime (0/5) Lair:6
    Orc (2/2) D:12            Elf (3/3) Orc:2
 Vaults: D:13-14

Altars:
Ashenzari
Cheibriados
Dithmenos
Elyvilon
Fedhas
Gozag
Hepliaklqana
Kikubaaqudgha
Nemelex Xobeh
Okawaru
Qazlal
Ru
Sif Muna
Trog
Vehumet
Wu Jian
Xom
Yredelemnul
Zin
The Shining One

Shops:
D:5 *   D:9 [   D:13 *   Orc:2 *(!?   Elf:2 (   Elf:3 [

Annotations:
Elf:1 6 runed translucent doors


Message History

The deep elf master archer shoots an arrow.
The arrow hits your fulminant prism!!
Your fulminant prism detonates feebly.
The deep elf master archer is engulfed in freezing vapours.
The deep elf master archer shoots an arrow.
You reflect the arrow off an invisible shield around you!
The arrow hits the deep elf master archer!!
Casting: Fulminant Prism (safe; 0% risk of failure)
Confirm with . or Enter, or press ? or * to list all spells.
Aiming: Fulminant Prism (safe; 0% risk of failure)
Press: ? - help, Dir - move target You conjure a prism of explosive energy!
A fulminant prism comes into view.
The deep elf master archer is engulfed in freezing vapours.
The deep elf master archer shoots an arrow.
The arrow hits you!
The deep elf master archer is engulfed in freezing vapours.
The deep elf master archer shoots an arrow.
The arrow hits you!!!
You die...

#.#......# #.####..#
#..####.# #.####..#
#...###.## #.......#
##...##...###########.#
##.#..#............# #.#
##.##.#.....#.#####.# #.#
#.###.##.###.#.##.#
###.###.# #...##.##
##..##.###.......#
#####.## ##.@......#.#####
##.## ##..##.#####.#
##.###.#.##.#####.#
##.#.##§##.......#
###########.###§##########
........#...##§*....#
#######.......§§###.# #
######..e###### ##.## #


You could see a deep elf master archer and a friendly fulminant prism.

Vanquished Creatures
  Agnes (Elf:1)
  Gastronok (Lair:1)
  3 deep elf sorcerers
  A very ugly thing (D:13)
  2 deep elf elementalists
  7 deep elf demonologists
  4 deep elf annihilators
  5 dire elephants (Lair:6)
  2 entropy weavers (D:12)
  3 deep elf death magi
  2 deep elf high priests
  Fannar (Lair:3)
  The ghost of Sweeb the Carver, a journeyman TeGl of Okawaru (Orc:2)
  7 hydras
  4 centaur warriors (D:13)
  A boulder beetle (D:11)
  7 two-headed ogres
  21 dancing weapons
  An anaconda (Lair:6)
  4 orc high priests (Orc:2)
  A queen ant (D:12)
  28 deep elf knights
  3 skeletal warriors (D:11)
  2 unseen horrors (D:10)
  2 orc sorcerers
  19 deep elf archers
  53 deep elf magi
  3 ugly things (D:13)
  2 manticores
  3 oklob plants (Lair:3)
  2 cyclopes
  An ice statue (Elf:2)
  15 elephants
  2 black mambas (Lair:6)
  A gargoyle (D:11)
  14 cane toads
  7 komodo dragons
  9 rime drakes
  2 polar bears (Lair:5)
  Grinder (D:4)
  Prince Ribbit (D:9)
  7 trolls
  A hornet (D:7)
  A snapping turtle (Lair:2)
  21 blink frogs
  4 dream sheep (Lair:6)
  A meliai zombie (D:13)
  5 slime creatures
  A spriggan (Lair:5)
  4 air elementals
  Sigmund (D:2)
  A spriggan (shapeshifter) (D:13)
  7 wyverns
  3 water elementals
  3 shadows
  44 yaks
  Eustachio (D:4)
  A basilisk (Lair:6)
  3 fire elementals
  A swamp worm (shapeshifter) (Elf:3)
  5 vampire mosquitoes (D:13)
  A warg (D:12)
  3 nagas
  An acid dragon (shapeshifter) (Elf:1)
  2 acid dragons
  27 soldier ants
  13 water moccasins
  Duvessa (D:5)
  21 orc warriors
  3 black bears
  10 sky beasts
  8 ice beasts
  2 necrophages
  2 ogres
  3 phantoms
  28 wolves
  5 centaurs
  3 earth elementals
  16 bullfrogs
  Blork the orc (D:4)
  2 wyvern zombies
  Dowan (D:5)
  A wyvern skeleton (D:13)
  4 scorpions
  23 killer bees
  18 wights
  2 electric eels
  4 howler monkeys
  3 centaur zombies
  2 bullfrog zombies
  7 hounds
  8 jellies
  2 centaur skeletons
  26 orc priests
  6 bullfrog skeletons
  6 iguanas
  31 orc wizards
  6 hell rats
  24 worker ants
  A hound skeleton (D:6)
  2 hound zombies
  2 worker ant zombies
  Robin (D:4)
  A gnoll (D:5)
  12 adders
  8 river rats (Lair:6)
  2 shadow imps
  5 white imps
  14 oozes
  An adder zombie (D:6)
  2 worms
  3 dart slugs
  9 leopard geckos
  82 orcs
  7 giant cockroaches
  20 goblins
  10 hobgoblins
  9 jackals
  7 quokkas
  3 ball pythons
  4 bats
  6 frilled lizards
  18 kobolds
  2 leopard gecko skeletons
  10 rats
  2 crawling corpses (Elf:2)
  A fulminant prism (Lair:1)
  A fungus (Lair:6)
935 creatures vanquished.

Vanquished Creatures (collateral kills)
  A tengu warrior (D:13)
  An orc warrior (D:13)
  2 wights
4 creatures vanquished.

Vanquished Creatures (others)
  A dancing weapon (D:11)
  A deep elf mage (Elf:1)
  A wolf (Lair:2)
  2 hounds (D:5)
  An adder (D:5)
  A white imp (D:6)
  2 orcs (D:5)
  4 ball lightnings (Elf:2)
  449 fulminant prisms
  61 fungi
  115 plants
  9 toadstools (D:3)
647 creatures vanquished.

Grand Total: 1586 creatures vanquished

Notes
Turn   | Place    | Note
-------+----------+-------------------------------------------
     0 | D:1      | xSliceyx the Deep Elf Conjurer began the quest for the Orb.
     0 | D:1      | Reached XP level 1. HP: 10/10 MP: 6/6
   264 | D:1      | Reached XP level 2. HP: 15/15 MP: 0/8
   959 | D:1      | Learned a level 2 spell: Searing Ray
   972 | D:2      | Reached XP level 3. HP: 19/19 MP: 0/10
  1254 | D:2      | Reached skill level 5 in Conjurations
  1411 | D:2      | Reached XP level 4. HP: 24/24 MP: 10/12
  1702 | D:2      | Noticed Sigmund
  1706 | D:2      | Killed Sigmund
  1707 | D:2      | Reached skill level 5 in Spellcasting
  1707 | D:2      | Reached XP level 5. HP: 28/28 MP: 7/14
  1911 | D:2      | Found a blossoming altar of Fedhas.
  1941 | D:2      | Found an opulent altar of Gozag.
  2567 | D:3      | Reached XP level 6. HP: 32/32 MP: 11/16
  2571 | D:3      | Reached skill level 5 in Dodging
  2853 | D:3      | Reached skill level 6 in Conjurations
  3789 | D:3      | Found a shadowy altar of Dithmenos.
  3926 | D:4      | Noticed Blork the orc
  3931 | D:4      | Killed Blork the orc
  3932 | D:4      | Reached XP level 7. HP: 36/36 MP: 13/18
  4050 | D:4      | Noticed Eustachio
  4086 | D:4      | Killed Eustachio
  4243 | D:4      | Found a hazy altar of Hepliaklqana.
  4496 | D:4      | Found a staircase to the Ecumenical Temple.
  4505 | Temple   | Entered the Ecumenical Temple
  4514 | Temple   | Became a worshipper of Vehumet
  4537 | D:4      | Reached skill level 7 in Conjurations
  4542 | D:4      | Noticed Grinder
  4549 | D:4      | Killed Grinder
  4550 | D:4      | Reached XP level 8. HP: 41/41 MP: 9/21
  4622 | D:4      | Noticed Robin
  4627 | D:4      | Killed Robin
  5117 | D:5      | Entered Level 5 of the Dungeon
  5122 | D:5      | Learned a level 3 spell: Dazzling Flash
  5127 | D:5      | Learned a level 4 spell: Fulminant Prism
  5132 | D:5      | Learned a level 4 spell: Iskenderun's Mystic Blast
  5315 | D:5      | Reached skill level 1 in Hexes
  5690 | D:5      | Reached skill level 8 in Conjurations
  5699 | D:5      | Noticed Duvessa
  5701 | D:5      | Noticed Dowan
  5703 | D:5      | Killed Duvessa
  5705 | D:5      | Killed Dowan
  5755 | D:5      | Reached * piety under Vehumet
  5755 | D:5      | Offered knowledge of Freeze by Vehumet.
  5842 | D:5      | Got a smoking helmet
  5848 | D:5      | Identified the +1 helmet of Resonance {rCorr Int+4} (You
                  | found it on level 5 of the Dungeon)
  5968 | D:5      | Found Ciceqamu's Assorted Antiques.
  6083 | D:5      | Found a shimmering altar of Xom.
  6670 | D:6      | Found a broken altar of Ashenzari.
  6718 | D:6      | Reached XP level 9. HP: 45/45 MP: 16/24
  6838 | D:6      | Reached skill level 9 in Conjurations
  7707 | D:6      | Learned a level 2 spell: Slow
  7712 | D:6      | Learned a level 4 spell: Cause Fear
  8032 | D:7      | Paralysed by a hornet for 3 turns
  8043 | D:7      | Reached skill level 10 in Spellcasting
  8060 | D:7      | HP: 2/45 [poisoned by a hornet]
  8068 | D:7      | HP: 2/45 [poisoned by a hornet]
  8394 | D:7      | Offered knowledge of Sandblast by Vehumet.
  8425 | D:7      | Found a glowing golden altar of the Shining One.
  8461 | D:7      | Reached ** piety under Vehumet
  8500 | D:7      | Reached skill level 10 in Conjurations
  8663 | D:7      | Reached skill level 5 in Hexes
  8789 | D:7      | Found an ornate altar of the Wu Jian Council.
  8814 | D:7      | Learned a level 3 spell: Tukima's Dance
  9295 | D:8      | Reached XP level 10. HP: 50/50 MP: 20/26
  9393 | D:8      | Noticed a two-headed ogre
  9429 | D:8      | Killed a two-headed ogre
  9649 | D:8      | Offered knowledge of Static Discharge by Vehumet.
  9830 | D:8      | Reached skill level 10 in Dodging
  9947 | D:8      | Reached *** piety under Vehumet
 10373 | D:9      | Noticed Prince Ribbit
 10380 | D:9      | Killed Prince Ribbit
 10381 | D:9      | Reached skill level 1 in Translocations
 10600 | D:9      | Found an ancient bone altar of Kikubaaqudgha.
 10615 | D:9      | Offered knowledge of Stone Arrow by Vehumet.
 10616 | D:9      | Reached skill level 11 in Conjurations
 10640 | D:9      | Noticed a two-headed ogre
 10647 | D:9      | Killed a two-headed ogre
 10752 | D:9      | Found Teseg's Antique Armour Shoppe.
 10973 | D:9      | Noticed a two-headed ogre
 10997 | D:9      | Killed a two-headed ogre
 10997 | D:9      | Reached **** piety under Vehumet
 10998 | D:9      | Reached XP level 11. HP: 44/54 MP: 17/28
 11221 | D:9      | Found an iron altar of Okawaru.
 11224 | D:9      | Offered knowledge of Conjure Flame by Vehumet.
 11335 | D:10     | Entered Level 10 of the Dungeon
 11462 | D:10     | Noticed an unseen horror
 11474 | D:10     | Killed an unseen horror
 11916 | D:10     | Reached skill level 12 in Conjurations
 11970 | D:10     | You fall into a shaft and drop 3 floors!
 12170 | D:12     | Noticed a two-headed ogre
 12177 | D:12     | Killed a two-headed ogre
 12198 | D:12     | Noticed a two-headed ogre
 12205 | D:12     | Killed a two-headed ogre
 12344 | D:10     | Found a staircase to the Lair.
 12642 | D:10     | Noticed an unseen horror
 12648 | D:10     | Killed an unseen horror
 13022 | D:11     | Noticed a seven-headed hydra
 13030 | D:11     | Killed a seven-headed hydra
 13031 | D:11     | Reached skill level 13 in Conjurations
 13273 | D:11     | Reached skill level 10 in Hexes
 13592 | D:11     | Got a ruby-studded ring mail
 13603 | D:11     | Identified the +3 ring mail of Beogh's Pride {rC+ Int+5
                  | Dex-2} (You found it on level 11 of the Dungeon)
 13620 | D:11     | Noticed a skeletal warrior
 13620 | D:11     | Noticed a skeletal warrior
 13620 | D:11     | Noticed a skeletal warrior
 13639 | D:11     | Killed a skeletal warrior
 13640 | D:11     | Reached skill level 1 in Armour
 13647 | D:11     | Killed a skeletal warrior
 13648 | D:11     | Reached XP level 12. HP: 59/59 MP: 13/31
 14173 | D:12     | Reached ***** piety under Vehumet
 14259 | D:12     | Offered knowledge of Airstrike by Vehumet.
 14278 | D:12     | Reached skill level 5 in Armour
 14357 | D:12     | Noticed a seven-headed hydra
 14377 | D:12     | Killed a seven-headed hydra
 14385 | D:12     | Noticed a boulder beetle
 14408 | D:11     | Killed a boulder beetle
 14898 | D:12     | Noticed an entropy weaver
 15231 | D:12     | Noticed an entropy weaver
 15246 | D:12     | Killed an entropy weaver
 15672 | D:12     | Killed an entropy weaver
 15973 | D:12     | Reached skill level 14 in Conjurations
 16091 | D:12     | Found a staircase to the Orcish Mines.
 16110 | D:12     | Noticed a queen ant
 16143 | D:12     | Killed a queen ant
 16557 | D:12     | Offered knowledge of Starburst by Vehumet.
 16565 | D:12     | Learned a level 6 spell: Starburst
 16989 | D:13     | Reached XP level 13. HP: 63/63 MP: 26/32
 17033 | D:13     | Found Ippoet's Assorted Antiques.
 17041 | D:13     | Bought a dark potion for 27 gold pieces
 17041 | D:13     | Bought a thick runed staff for 360 gold pieces
 17706 | D:13     | Identified the cursed +3 longbow "Egg" {venom, rF+ Will+
                  | Int+3}
 17721 | D:13     | Reached skill level 15 in Conjurations
 18031 | D:13     | Noticed a brown very ugly thing
 18472 | D:13     | Learned a level 3 spell: Inner Flame
 18493 | D:13     | Killed a white very ugly thing
 18655 | D:13     | Found a basalt altar of Yredelemnul.
 18720 | D:13     | Identified The Advanced Guide to Thaumaturgy
 19584 | D:13     | Bought a heavily runed ring mail for 270 gold pieces
 19584 | D:13     | Bought a scroll of fear for 105 gold pieces
 19584 | D:13     | Bought a potion of curing for 90 gold pieces
 19595 | D:13     | Identified the +2 ring mail of Chimes {rC+ rN+ Str+4} (You
                  | bought it in a shop on level 13 of the Dungeon)
 19687 | Lair:1   | Entered Level 1 of the Lair of Beasts
 20047 | Lair:1   | Noticed Gastronok
 20063 | Lair:1   | Killed Gastronok
 20063 | Lair:1   | Offered knowledge of Freezing Cloud by Vehumet.
 20304 | Lair:1   | Reached skill level 15 in Spellcasting
 21245 | Lair:2   | Reached XP level 14. HP: 68/68 MP: 24/35
 21259 | Lair:2   | Reached skill level 16 in Conjurations
 21346 | Lair:2   | Learned a level 6 spell: Freezing Cloud
 21384 | Lair:2   | You fall into a shaft and drop 2 floors!
 21415 | Lair:3   | Reached skill level 1 in Fighting
 21881 | Lair:3   | Found a staircase to the Snake Pit.
 22125 | Lair:3   | Noticed Fannar
 22491 | Lair:2   | Found a staircase to the Shoals.
 23145 | Lair:3   | Killed Fannar
 23700 | Lair:4   | You fall into a shaft and drop 2 floors!
 23700 | Lair:6   | Entered Level 6 of the Lair of Beasts
 25512 | Lair:5   | Found a bloodstained altar of Trog.
 25679 | Lair:5   | Offered knowledge of Ozocubu's Refrigeration by Vehumet.
 26473 | Lair:6   | Reached skill level 17 in Conjurations
 26743 | Lair:6   | Found a staircase to the Slime Pits.
 27611 | Lair:6   | Reached XP level 15. HP: 78/78 MP: 33/37
 28798 | Lair:1   | Identified a scroll of acquirement
 28881 | Orc:1    | Entered Level 1 of the Orcish Mines
 29154 | Orc:2    | Entered Level 2 of the Orcish Mines
 29154 | Orc:2    | Found a staircase to the Elven Halls.
 29249 | Orc:2    | Found a large runed translucent door.
 29249 | Orc:2    | Found a large runed translucent door.
 29250 | Orc:2    | Noticed Sweeb's ghost (journeyman TeGl)
 29269 | Orc:2    | Killed Sweeb's ghost
 29531 | Orc:2    | Offered knowledge of Orb of Destruction by Vehumet.
 30330 | Orc:2    | Found Wetus's Weapon Shop.
 30331 | Orc:2    | Found Rakabeu's Assorted Antiques.
 30332 | Orc:2    | Found Gafob's Distillery.
 30335 | Orc:2    | Found Neag's Magic Scroll Boutique.
 30341 | Orc:2    | Bought a scroll of fear for 52 gold pieces
 30341 | Orc:2    | Bought a scroll of holy word for 112 gold pieces
 30341 | Orc:2    | Bought a scroll of teleportation for 45 gold pieces
 30341 | Orc:2    | Bought a scroll of enchant armour for 112 gold pieces
 30341 | Orc:2    | Bought a scroll of teleportation for 45 gold pieces
 30342 | Orc:2    | Bought a potion of haste for 160 gold pieces
 30342 | Orc:2    | Bought 2 potions of haste for 320 gold pieces
 30342 | Orc:2    | Bought a potion of heal wounds for 80 gold pieces
 30342 | Orc:2    | Bought a potion of heal wounds for 80 gold pieces
 30342 | Orc:2    | Bought a potion of curing for 48 gold pieces
 30342 | Orc:2    | Bought a potion of curing for 48 gold pieces
 30342 | Orc:2    | Bought 2 potions of brilliance for 128 gold pieces
 31221 | Elf:1    | Entered Level 1 of the Elven Halls
 31340 | Elf:1    | Found a radiant altar of Vehumet.
 31355 | Elf:1    | Reached skill level 18 in Conjurations
 31804 | Elf:1    | Upgraded the game from 0.26.0-16-gc1dbca0489 to
                  | 0.26.0-18-gc5c842f807
 32336 | Elf:1    | Offered knowledge of Spellforged Servitor by Vehumet.
 32556 | Elf:1    | Reached ****** piety under Vehumet
 32731 | Elf:1    | Reached skill level 5 in Fighting
 32842 | Elf:1    | Noticed Agnes
 32850 | Elf:1    | Killed Agnes
 32851 | Elf:1    | Reached XP level 16. HP: 48/87 MP: 3/39
 33186 | Elf:1    | Found an ancient bone altar of Kikubaaqudgha.
 33369 | Elf:1    | Found a runed translucent gate.
 33369 | Elf:1    | Found a runed translucent gate.
 33369 | Elf:1    | Found a runed translucent gate.
 33369 | Elf:1    | Found a runed translucent gate.
 33369 | Elf:1    | Found a runed translucent gate.
 33370 | Elf:1    | Found a runed translucent gate.
 33370 | Elf:1    | Noticed a shadow dragon
 33371 | Elf:1    | Noticed a storm dragon
 33424 | Elf:1    | Reached skill level 19 in Conjurations
 33976 | Elf:2    | Found Xairum's Antique Weapon Emporium.
 34410 | Elf:2    | Offered knowledge of Eringya's Noxious Bog by Vehumet.
 34813 | Elf:2    | Found a runed translucent gate.
 34813 | Elf:2    | Found a runed translucent gate.
 34815 | Elf:2    | Found a runed translucent gate.
 34931 | Elf:2    | Found a radiant altar of Vehumet.
 34943 | Elf:2    | Learned a level 6 spell: Conjure Ball Lightning
 35689 | Elf:2    | Reached XP level 17. HP: 87/96 MP: 23/41
 36049 | Elf:2    | Reached skill level 20 in Conjurations
 36482 | Elf:3    | Entered Level 3 of the Elven Halls
 36954 | Elf:3    | Found Gubonkis's Armour Shoppe.
 37489 | Elf:3    | Identified the +1 quarterstaff of Qenauras {drain, Int+4}
 37515 | Elf:3    | Noticed a deep elf master archer
 37519 | Elf:3    | Shot with an arrow by a deep elf master archer

Illustrated notes

Levels and vault maps discovered:
D:1:      dpeg_arrival_three_smaller_balls, layout_basic
D:2:      layout_loops_ring, general_overflow_altar, fedhas_altar_fruit_tree,
          uniq_sigmund
D:3:      cheibrodos_fertilizer, layout_basic,
          nicolae_dithmenos_through_a_glass_darkly
D:4:      layout_gridville, lemuel_round_altar, temple_fountains, uniq_robin,
          uniq_eustachio, uniq_grinder, uniq_blork_the_orc
D:5:      layout_basic, xom_confusion_cloud, serial_shops,
          nicolae_shop_statue_plus, uniq_duvessa
D:6:      minmay_polygon_palace, layout_basic, ashenzari_altar_1,
          minmay_pentangle
D:7:      layout_loops_corners, nzn_wu_jian_contemplation, tso_altar
D:8:      layout_loops_ring
D:9:      layout_gridville, kennysheep_okawaru_gauntlet,
          kiku_gazebo_pond_becter, serial_shops, shop_coins, uniq_prince_ribbit1
D:10:     layout_basic, david_lair_shrubbed
D:11:     layout_stronghold
D:12:     layout_basic, david_orc_3, kennysheep_decorative_pillar, minivault_29
D:13:     minmay_the_grid_octo_tiled_squarecenter [minmay_the_grid_octo_clover,
          minmay_the_grid_octo_vomiting_pacman, minmay_the_grid_octo_clover_2,
          minmay_the_grid_octo_chip,
          minmay_the_grid_square_5x5_megaprize_diamond,
          minmay_the_grid_square_5x5_two_walls_a,
          minmay_the_grid_square_5x5_detours,
          minmay_the_grid_square_5x5_trominoes,
          minmay_the_grid_square_5x5_spiral_small], layout_basic, serial_shops,
          nicolae_shop_waterfront
D:14:     minmay_bloctagon_deflated, layout_basic, ximxim_vaults_locker_room,
          minivault_14, gammafunk_ghost_wrathful_warriors
Temple:   cyrus_circular_temple
Lair:1:   layout_roguey, minivault_25, grunt_megastairs_5, serial_bayou_shore_b,
          uniq_gastronok
Lair:2:   layout_long_grid, minmay_shoals_entry_hut, lemuel_old_faithful,
          grunt_megastairs_2
Lair:3:   layout_roguey, guppyfry_snake_entry_garden, grunt_megastairs_4,
          minmay_lair_oklob_chamber, infiniplex_staircase_pool_2, uniq_fannar
Lair:4:   layout_regular_city, grunt_megastairs_1
Lair:5:   layout_hall_layers, basic_altar, wad_woods_road_03,
          grunt_forest_stairs_clearing, infiniplex_staircase_pool
Lair:6:   due_jungle_book, layout_gridlike, minmay_slime_entry_pillars,
          kennysheep_rathole
Orc:1:    layout_diamond_mine, nicolae_orc_lava_tube
Orc:2:    st_orc_mages, layout_diamond_mine, ebering_ghost_disaster_area
Elf:1:    eino_elf_arrival_altar, layout_gridlike, basic_altar, orc_legates,
          nicolae_elf_glass_and_crystal_pillar_1, st_stairs_5,
          dk_noncrumbling_4, uniq_agnes
Elf:2:    layout_gridlike, serial_shops, shop, minmay_misc_feat_rows,
          nicolae_elf_big_sculpture_1, guppyfry_elf_altar, lemuel_elevator
Elf:3:    elf_hall, layout_loops_corners, enter_trove_3, serial_shops, shop

Skill      XL: |  1  2  3  4  5  6  7  8  9 10 11 12 13 14 15 16 17 |
---------------+----------------------------------------------------+-----
Dodging        | 3 4 5 6 8 9 10 11 12 | 12.0
Spellcasting   | 4 5 6 7 9 10 11 13 15 16 17 18 | 18.5
Conjurations   | 5 6 7 8 10 11 13 14 15 17 18 19 20 | 20.3
Hexes          | 3 5 8 10 11 13 14 | 14.0
Translocations | 2 |  2.0
Armour         | 2 7 8 9 |  9.0
Fighting       | 3 5 7 |  7.6
Stealth        | |  2.4

Action                   |  1- 3 |  4- 6 |  7- 9 | 10-12 | 13-15 | 16-18 || total
-------------------------+-------+-------+-------+-------+-------+-------++-------
Melee: Short sword       |     8 |       |       |       |       |       ||     8
       Scythe            |       |       |     5 |       |       |       ||     5
       Flail             |       |       |     1 |       |       |       ||     1
 Fire: Longbow           |       |       |       |       |    24 |     2 ||    26
 Cast: Magic Dart        |    61 |    85 |    71 |    99 |    15 |     6 ||   337
       Searing Ray       |     3 |    11 |    70 |   182 |   205 |    28 ||   499
       Fulminant Prism   |       |       |     4 |    35 |   276 |   138 ||   453
       Slow              |       |       |     1 |    33 |    78 |       ||   112
       Dazzling Flash    |       |       |     1 |       |     1 |       ||     2
       Cause Fear        |       |       |       |     5 |    13 |       ||    18
       Tukima's Dance    |       |       |       |     6 |     4 |       ||    10
       Iskenderun's Myst |       |       |       |     1 |     5 |     7 ||    13
       Starburst         |       |       |       |       |    27 |     1 ||    28
       Freezing Cloud    |       |       |       |       |     1 |    11 ||    12
       Conjure Ball Ligh |       |       |       |       |       |     2 ||     2
Evoke: Wand              |       |       |       |     7 |       |       ||     7
  Use: Scroll            |       |       |     8 |     6 |    19 |       ||    33
       Potion            |       |       |     3 |     1 |     3 |       ||     7
Armor: Robe              |     3 |     1 |     9 |     5 |       |       ||    18
       Ring mail         |       |       |       |     7 |    75 |    13 ||    95
Dodge: Dodged            |     7 |    10 |    48 |    64 |   123 |    12 ||   264
Block: Other             |       |     7 |    10 |    27 |    48 |     7 ||    99
       Reflection        |       |     6 |     1 |     1 |     7 |     6 ||    21
       Rpst.: Falchion   |       |       |       |    10 |     7 |       ||    17
